 Dungeon Crawl Stone Soup version 0.21.1-1-g345015f (webtiles) character file.

25862 HammerPanzer the Fencer (level 12, -16/115 HPs)
             Began as a Pale Draconian Berserker on Apr 5, 2018.
             Was a High Priest of Trog.
             Engulfed by a cloud of freezing vapour (33 damage)
             ... in an ice cave on Apr 6, 2018.
             The game lasted 00:52:20 (13849 turns).

HammerPanzer the Fencer (Pale Draconian Berserker) Turns: 13849, Time: 00:52:20

Health: -16/115    AC: 14    Str: 22    XL:     12   Next: 93%
Magic:  12/12      EV: 14    Int: 10    God:    Trog [*****.]
Gold:   364        SH:  0    Dex: 23    Spells: 11/11 levels left

rFire    . . .     SeeInvis .   B - +8 great sword "Zyasyrphi" {slice, Dex+6 Stlth+}
rCold    . . .     Gourm    .   (shield currently unavailable)
rNeg     . . .     Faith    .   (armour unavailable)
rPois    +         Spirit   .   (helmet restricted)
rElec    .         Reflect  .   H - +2 cloak {rPois}
rCorr    .         Harm     .   y - +0 pair of gloves
MR       .....                  i - +1 pair of boots
Stlth    +++.......             (no amulet)
HPRegen  0.29/turn              e - ring of poison resistance
MPRegen  0.13/turn              s - +6 ring of dexterity

@: slowed, very slow
A: breathe steam, unfitting armour, cold-blooded, AC +8
a: Breathe Steam, Berserk, Trog's Hand, Brothers in Arms, Burn Spellbooks,
Renounce Religion


You were in an ice cave.
You worshipped Trog.
Trog was extremely pleased with you.
You were very hungry.

You visited 1 branch of the dungeon, and saw 12 of its levels.
You also visited: Ice Cave.

You collected 636 gold pieces.
You spent 272 gold pieces at shops.

Inventory:

Hand Weapons
 h - a +4 vampiric demon whip
 l - a +4 great sword
 q - a +4 great mace of draining
 B - the +8 great sword "Zyasyrphi" (weapon) {slice, Dex+6 Stlth+}
   (Trog gifted it to you on level 8 of the Dungeon)

   It inflicts extra damage upon your enemies.
   It affects your dexterity (+6).
   It makes you more stealthy.
 I - the +6 falchion "Rosane" {freeze, +Blink Int+4}
   (You bought it in a shop on level 11 of the Dungeon)

   It has been specially enchanted to freeze those struck by it, causing extra
   injury to most foes and up to half again as much damage against particularly
   susceptible opponents.
   It can also slow down cold-blooded creatures.
   It affects your intelligence (+4).
   It lets you blink.
Armour
 i - a +1 pair of boots (worn)
 x - a +1 cloak of invisibility
 y - a +0 pair of gloves (worn)
 H - a +2 cloak of poison resistance (worn)
Jewellery
 e - a ring of poison resistance (left hand)
 s - a +6 ring of dexterity (right hand)
Wands
 r - a wand of digging (16)
 t - a wand of iceblast (23)
 z - a wand of random effects (27)
 J - a wand of disintegration (11)
 M - a wand of paralysis (7)
Scrolls
 c - 7 scrolls of teleportation
 k - 2 scrolls of magic mapping
 o - 3 scrolls of enchant armour
 v - 2 scrolls of identify
 C - a scroll of remove curse
 E - a scroll of fog
Potions
 a - 2 potions of might
 f - a potion of lignification
 j - a potion of brilliance {unknown}
 n - 3 potions of cancellation {unknown}
 p - a potion of agility {unknown}
 u - 2 potions of ambrosia {unknown}
 w - a potion of degeneration {unknown}
 A - a potion of resistance {unknown}
 D - 3 potions of heal wounds {unknown}
 G - a potion of mutation {unknown}
Books
 d - a book of Minor Magic

   Spells                             Type                      Level
   a - Magic Dart                     Conjuration                  1
   b - Blink                          Translocation                2
   c - Call Imp                       Summoning                    2
   d - Slow                           Hexes                        2
   e - Conjure Flame                  Conjuration/Fire             3
   f - Mephitic Cloud                 Conjuration/Poison/Air       3
   Trog disapproves of the use of such an item.
 g - a book of Callings

   Spells                             Type                      Level
   a - Summon Small Mammal            Summoning                    1
   b - Call Imp                       Summoning                    2
   c - Call Canine Familiar           Summoning                    3
   d - Summon Guardian Golem          Hexes/Summoning              3
   e - Summon Lightning Spire         Summoning/Air                4
   f - Summon Ice Beast               Ice/Summoning                4
   Trog disapproves of the use of such an item.
 m - a book of Maledictions

   Spells                             Type                      Level
   a - Corona                         Hexes                        1
   b - Ensorcelled Hibernation        Hexes/Ice                    2
   c - Confuse                        Hexes                        3
   d - Tukima's Dance                 Hexes                        3
   e - Dazzling Spray                 Conjuration/Hexes            3
   Trog disapproves of the use of such an item.
 F - a book of Summonings

   Spells                             Type                      Level
   a - Recall                         Summoning/Translocation      3
   b - Aura of Abjuration             Summoning                    5
   c - Summon Demon                   Summoning                    5
   d - Summon Forest                  Summoning/Translocation      5
   e - Summon Mana Viper              Hexes/Summoning              5
   f - Shadow Creatures               Summoning                    6
   Trog disapproves of the use of such an item.
 N - a book of Frost

   Spells                             Type                      Level
   a - Freeze                         Ice                          1
   b - Throw Frost                    Conjuration/Ice              2
   c - Ozocubu's Armour               Charms/Ice                   3
   d - Throw Icicle                   Conjuration/Ice              4
   e - Summon Ice Beast               Ice/Summoning                4
   Trog disapproves of the use of such an item.
Miscellaneous
 L - a box of beasts
Comestibles
 b - 21 rations
 K - 21 chunks of flesh


   Skills:
 + Level 13.2 Fighting
 * Level 16.3 Long Blades
 + Level 7.2 Maces & Flails
 - Level 2.6 Dodging


You had 11 spell levels left.
You didn't know any spells.

Dungeon Overview and Level Annotations

Branches:
Dungeon (12/15)              Lair (0/6) D:10            Orc (0/2) D:11
 Temple: D:4-7

Altars:
Ashenzari
Nemelex Xobeh
Yredelemnul

Shops:
D:6 ?   D:8 !   D:11 (


Innate Abilities, Weirdness & Mutations

You can breathe blasts of scalding, opaque steam.
Your pale cyan-grey scales are hard. (AC +8)
You cannot fit into any form of body armour.
You are cold-blooded and may be slowed by cold attacks.


Message History

a polar bear corpse x2
Butcher a polar bear corpse? [(y)es/(c)hoosy/(n)o/(a)ll/(e)dible/(q)uit/?]
You butcher the polar bear corpse.
Some of the chunks of flesh in your inventory have rotted away.
You butcher the polar bear corpse.
K - 15 chunks of flesh (gained 6);
K - 21 chunks of flesh (gained 6)
You feel yourself speed up.
You recover from your berserk rage.
You are engulfed in freezing vapours.
You feel yourself slow down.
You enter the shallow water.
Moving in this stuff is going to be slow.
You are engulfed in freezing vapours.
You feel as though you will be slow longer.
Ouch! That really hurt!
* * * LOW HITPOINT WARNING * * *
You are engulfed in freezing vapours.
* * * LOW HITPOINT WARNING * * *
You are feeling very hungry.
You are engulfed in freezing vapours.
You die...

### ##.##
##...###
#..⌠§#.#
#...§§§##
#.#.#.#§#
#.#####≈##
#.## ##@#
#..## #§##
##..##§#
##.##§
#..# ##.#
##..#
##..##
#...#


There were no monsters in sight!

Vanquished Creatures
  Rupert (D:12)
  The ghost of bosm the Martial Artist, a journeyman OpTm of Makhleb (D:10)
  3 two-headed ogres
  A death yak (IceCv)
  The ghost of HammerPanzer the Carver, a novice DrBe of Trog (D:6)
  2 ugly things
  An ice statue (IceCv)
  4 orange demons (D:10)
  2 kobold demonologists (D:11)
  2 ice devils (D:12)
  2 red devils (D:10)
  11 polar bears (IceCv)
  4 hippogriffs
  2 vampires
  A water elemental (D:11)
  4 hogs (D:7)
  A wyvern (D:10)
  3 hungry ghosts
  A steam dragon (D:9)
  19 yaks
  A human (D:7)
  A basilisk (D:12)
  Menkaure (D:6)
  A water moccasin (D:6)
  2 porcupines (D:10)
  13 orc warriors
  3 ice beasts
  6 phantoms
  A black bear (D:8)
  3 necrophages
  3 ogres
  18 wolves (IceCv)
  3 centaurs
  3 big kobolds
  9 bullfrogs
  A wyvern skeleton (D:10)
  5 killer bees (D:9)
  5 scorpions
  11 wights
  2 electric eels (D:11)
  8 howler monkeys
  2 crimson imps
  13 orc priests
  8 hounds
  6 jellies
  17 orc wizards
  Crazy Yiuf (D:7)
  2 centaur skeletons
  3 bullfrog skeletons
  Natasha (thrice) (D:2)
  4 iguanas
  3 worker ants
  A killer bee zombie (D:8)
  2 hound skeletons
  3 worker ant zombies
  16 adders
  7 gnolls
  2 shadow imps
  An ooze (D:2)
  An adder skeleton (D:4)
  A worm (D:3)
  5 dart slugs
  8 leopard geckos
  45 orcs
  3 ball pythons
  7 giant cockroaches
  11 goblins
  3 hobgoblins (D:1)
  10 jackals
  31 kobolds
  4 quokkas
  8 bats
  9 frilled lizards
  A leopard gecko skeleton (D:5)
  8 rats
  2 fungi (D:10)
417 creatures vanquished.

Vanquished Creatures (others)
  A yak (IceCv)
  2 killer bees (D:12)
  A fungus (D:10)
  A plant (D:10)
5 creatures vanquished.

Grand Total: 422 creatures vanquished

Notes
Turn   | Place    | Note
-------+----------+-------------------------------------------
     0 | D:1      | HammerPanzer the Draconian Berserker began the quest for the Orb.
     0 | D:1      | Reached XP level 1. HP: 19/19 MP: 1/1
    64 | D:1      | Found a shattered altar of Ashenzari.
   180 | D:1      | Reached XP level 2. HP: 19/26 MP: 2/2
   462 | D:1      | Reached ** piety under Trog
   767 | D:1      | Reached XP level 3. HP: 33/33 MP: 3/3
  1231 | D:1      | Reached skill level 4 in Long Blades
  1288 | D:2      | Noticed Natasha
  1307 | D:2      | Killed Natasha
  1307 | D:2      | Reached XP level 4. HP: 25/40 MP: 4/4
  1501 | D:2      | Noticed Natasha
  1519 | D:2      | Killed Natasha
  1650 | D:2      | Reached skill level 5 in Long Blades
  1650 | D:2      | Reached XP level 5. HP: 42/47 MP: 5/5
  1955 | D:2      | Noticed Natasha
  1962 | D:2      | Killed Natasha
  2172 | D:3      | Reached *** piety under Trog
  2353 | D:3      | Reached skill level 5 in Fighting
  2573 | D:3      | Reached XP level 6. HP: 56/56 MP: 6/6
  3313 | D:4      | Reached skill level 6 in Long Blades
  3375 | D:4      | Found a sparkling altar of Nemelex Xobeh.
  3561 | D:5      | Entered Level 5 of the Dungeon
  3615 | D:5      | Your scales start taking on a pale cyan-grey colour.
  3615 | D:5      | Reached XP level 7. HP: 40/62 MP: 7/7
  4202 | D:5      | Reached skill level 7 in Long Blades
  4860 | D:6      | Reached skill level 8 in Long Blades
  5258 | D:6      | Reached XP level 8. HP: 61/71 MP: 8/8
  5264 | D:6      | Reached **** piety under Trog
  5350 | D:6      | Noticed HammerPanzer's ghost (novice DrBe)
  5363 | D:6      | Killed HammerPanzer's ghost
  5363 | D:6      | Reached skill level 9 in Long Blades
  5564 | D:6      | Found Neicruo's Magic Scroll Shop.
  5607 | D:6      | Reached skill level 10 in Long Blades
  5607 | D:6      | Reached XP level 9. HP: 76/81 MP: 9/9
  5641 | D:6      | Noticed Menkaure
  5644 | D:6      | Reached skill level 1 in Maces & Flails
  5647 | D:6      | Killed Menkaure
  6595 | D:7      | Found a runed door.
  6599 | D:7      | Noticed Crazy Yiuf
  6601 | D:7      | Killed Crazy Yiuf
  6702 | D:7      | Reached skill level 11 in Long Blades
  7088 | D:7      | Reached ***** piety under Trog
  7140 | D:7      | Reached XP level 10. HP: 86/88 MP: 10/10
  7497 | D:8      | Found Ahurol's Distillery.
  7539 | D:8      | Reached skill level 12 in Long Blades
  7629 | D:8      | Found a basalt altar of Yredelemnul.
  8102 | D:8      | Received a gift from Trog
  8102 | D:8      | Reached skill level 10 in Fighting
  8105 | D:8      | Got a fine great sword {god gift}
  8788 | D:9      | Noticed a two-headed ogre
  8794 | D:9      | Killed a two-headed ogre
  8794 | D:9      | Reached skill level 13 in Long Blades
  9436 | D:10     | Entered Level 10 of the Dungeon
  9496 | D:10     | Reached XP level 11. HP: 93/98 MP: 11/11
  9517 | D:10     | Found a staircase to the Lair.
  9653 | D:10     | Noticed bosm's ghost (journeyman OpTm)
  9664 | D:10     | Killed bosm's ghost
 10370 | D:10     | Reached skill level 14 in Long Blades
 10428 | D:10     | Identified the +8 great sword "Zyasyrphi" {slice, Dex+6 Stlth+} (Trog gifted it to you on level 8 of the Dungeon)
 10739 | D:11     | Found Udastrugogh's Antique Weapon Shoppe.
 10824 | D:11     | Noticed a two-headed ogre
 10831 | D:11     | Killed a two-headed ogre
 10851 | D:11     | Received a gift from Trog
 11234 | D:11     | Noticed a white ugly thing
 11245 | D:11     | Killed a white ugly thing
 11729 | D:11     | Reached skill level 15 in Long Blades
 11734 | D:11     | Bought a scorched falchion for 272 gold pieces
 11748 | D:11     | Reached skill level 5 in Maces & Flails
 11759 | D:11     | Reached XP level 12. HP: 93/112 MP: 12/12
 12264 | D:11     | Found a staircase to the Orcish Mines.
 12291 | D:11     | Identified the +6 falchion "Rosane" {freeze, +Blink Int+4} (You bought it in a shop on level 11 of the Dungeon)
 12343 | D:12     | Noticed a two-headed ogre
 12371 | D:12     | Killed a two-headed ogre
 12674 | D:12     | Noticed Rupert
 12675 | D:12     | Found a frozen archway.
 12685 | D:12     | Killed Rupert
 12708 | IceCv    | Entered an ice cave
 13122 | IceCv    | Received a gift from Trog
 13559 | IceCv    | Reached skill level 16 in Long Blades
 13784 | IceCv    | Noticed a death yak
 13799 | IceCv    | Killed a death yak
 13849 | IceCv    | Engulfed by a cloud of freezing vapour

Skill      XL: |  1  2  3  4  5  6  7  8  9 10 11 12 |
---------------+-------------------------------------+-----
Long Blades    | 4 5 6 8 10 11 13 15 16 | 16.3
Fighting       | 4 5 6 8 9 10 12 13 | 13.2
Maces & Flails | 4 5 7 |  7.2
Dodging        | |  2.6

Action                   |  1- 3 |  4- 6 |  7- 9 | 10-12 || total
-------------------------+-------+-------+-------+-------++-------
Melee: Falchion          |    94 |   174 |       |       ||   268
       Tailslap          |    11 |    32 |    32 |   111 ||   186
       Long sword        |       |    80 |    97 |   284 ||   461
       Morningstar       |       |       |   118 |       ||   118
       Great sword       |       |       |       |   272 ||   272
Invok: Berserk           |     2 |       |     4 |     9 ||    15
 Abil: Breathe Steam     |       |       |    17 |    34 ||    51
  Use: Scroll            |       |     9 |     3 |     8 ||    20
       Potion            |       |       |     2 |     2 ||     4
 Stab: Sleeping          |     2 |       |     1 |     4 ||     7
  Eat: Chunk             |     2 |     9 |    17 |    23 ||    51
       Ration            |       |       |     1 |     3 ||     4
Armor: Skin              |    41 |    82 |    89 |   222 ||   434
Dodge: Dodged            |    94 |   156 |   125 |   327 ||   702
       Rpst.: Falchion   |    25 |    33 |       |       ||    58
       Long sword        |       |    12 |    16 |    44 ||    72
       Great sword       |       |       |       |    44 ||    44
